 Dungeon Crawl Stone Soup version 0.29-a0-824-gd827844252 (webtiles) character file.

Game seed: 18354572316854219483

561 Nato the Caller (level 7, 0/46 HPs)
             Began as a Human Summoner on July 10, 2022.
             Killed from afar by an orc wizard (8 damage)
             ... with a magic dart
             ... on level 4 of the Dungeon.
             The game lasted 00:26:39 (19632 turns).

Nato the Caller (Human Summoner)                   Turns: 19632, Time: 00:26:40

Health: 0/46       AC:  4    Str:  8    XL:     7   Next: 57%
Magic:  12/12      EV: 13    Int: 17    God:
Gold:   155        SH:  0    Dex: 14    Spells: 7/13 levels left

rFire   . . .      SeeInvis .   u - +4 dagger
rCold   . . .      Faith    .   (no shield)
rNeg    + . .      Spirit   .   w - +1 animal skin
rPois   +          Reflect  .   x - +0 helmet
rElec   .          Harm     .   (no cloak)
rCorr   .          Rampage  .   (no gloves)
Will    .....                   (no boots)
Stlth   +.........              C - amulet of magic regeneration
HPRegen 0.15/turn               d - ring of positive energy
MPRegen 0.53/turn               l - ring of poison resistance

@: confused
A: no striking features
a: no special abilities


You were on level 4 of the Dungeon.
You visited 1 branch of the dungeon, and saw 4 of its levels.

You collected 155 gold pieces.

Inventory:

Hand Weapons
 u - a +4 dagger (weapon)
Armour
 w - a +1 animal skin (worn)
 x - a +0 helmet (worn)
Jewellery
 d - a ring of positive energy (left hand)
 l - a ring of poison resistance (right hand)
 o - a ring of wizardry
 z - a ring of flight
 C - an amulet of magic regeneration (around neck)
Wands
 v - a wand of flame (19) (quivered)
 y - a wand of paralysis (9)
 B - a wand of mindburst (10)
Scrolls
 a - a scroll of magic mapping {unknown}
 e - a scroll of vulnerability {unknown}
 f - a scroll of teleportation {unknown}
 h - a scroll of silence {unknown}
 j - a scroll of fear {unknown}
 m - 3 scrolls of identify {unknown}
 p - 3 scrolls of amnesia {unknown}
 r - a scroll of summoning {unknown}
 A - a scroll of fog {unknown}
Potions
 b - a potion of magic
 c - a potion of mutation {unknown}
 g - a potion of degeneration {unknown}
 i - a potion of attraction {unknown}
 k - 2 potions of resistance {unknown}
 n - a potion of ambrosia {unknown}
 q - a potion of flight {unknown}
 s - a potion of heal wounds {unknown}
 t - 2 potions of curing {unknown}


   Skills:
 + Level 4.2 Dodging
 + Level 4.5 Stealth
 + Level 3.9 Spellcasting
 + Level 5.5 Summonings


You had 7 spell levels left.
You knew the following spells:

 Your Spells              Type           Power      Damage    Failure   Level
a - Summon Small Mammal   Summ           88%        N/A       1%          1
b - Call Imp              Summ           22%        N/A       2%          2
c - Call Canine Familiar  Summ           22%        N/A       4%          3

Your spell library contained the following spells:

 Spells                   Type           Power      Damage    Failure   Level
 Sandblast                Erth           6%         2d5       16%         1
 Summon Guardian Golem    Hex/Summ       12%        N/A       16%         3
 Passwall                 Tmut/Erth      2%         N/A       24%         2
 Portal Projectile        Hex/Tloc       6%         N/A       43%         3
 Stone Arrow              Conj/Erth      6%         3d7       43%         3
 Summon Lightning Spire   Summ/Air       12%        N/A       45%         4
 Leda's Liquefaction      Hex/Erth       1%         N/A       85%         4


Dungeon Overview and Level Annotations

Branches:
Dungeon (4/15)
 Temple: D:4-7

Altars:
Gozag
Vehumet
The Shining One

Shops:
D:3 =


Message History

The magic dart hits your quokka.
Your quokka dies!
Your quokka's corpse disappears in a puff of smoke!
The orc priest hits you from afar with a +0 trident.
Your quokka bites the orc.
Your hound bites the orc priest.
Casting: Summon Small Mammal (safe; 1% risk of failure)
Confirm with . or Enter, or press ? or * to list all spells.
A beastly little devil appears in a puff of flame.
Your hound completely misses the orc priest.
The orc wizard casts a spell.
The orc wizard flickers and vanishes!
Deactivating autopickup; reactivate with Ctrl-A.
The orc priest hits you from afar with a +0 trident!
Your hound bites the orc priest but does no damage.
You hit the orc.
You kill the orc!
Your quokka bites the orc priest but does no damage.
The orc priest barely misses you. Something hits your quokka.
Your hound barely misses the orc priest.
Your quokka bites the orc priest but does no damage.
You swap places.
Your hound barely misses the orc priest.
The orc priest mumbles some strange prayers to Beogh against you.
Beogh smites you!
* * * LOW HITPOINT WARNING * * *
Something hits you but does no damage.
Your hound bites the orc priest.
The orc priest dies!
There is an open door here.
Something hits you.
* * * LOW HITPOINT WARNING * * *
Your hound barely misses something.
Something hits you but does no damage.
Your hound misses something.
You hear some strange, mumbled words.
You are confused.
Your hound bites something.
Your hound bites something but does no damage.
You hear some strange, mumbled words.
A magic dart appears from out of thin air!
The magic dart hits you!
You die...

.................
.................
.................
.................
######..####.....
########..##..###..#.#.
+....#.....#....#......
#....#.....#....#..#.#.
#...)#@....#....#......
#.).h{5r...'....#..#.#รท
#....#.....#....#......
#....#.....#....#..#.#.
#....#.....#....#......
##################.####.####+
#.....####.##.####.####.####.
#.............#....#.........
#>............#....#.........


You could see a friendly hound (summoned), a friendly crimson imp (summoned) and
a friendly quokka (summoned).

Vanquished Creatures
  2 adders
  An ufetubus (D:4)
  A dart slug (D:2)
  2 orcs (D:4)
  An endoplasm (D:2)
  3 goblins
  2 hobgoblins
  2 kobolds
  3 quokkas
17 creatures vanquished.

Vanquished Creatures (collateral kills)
  Sigmund (D:3)
  A phantom (D:4)
  2 hounds (D:4)
  2 orc priests (D:4)
  An orc wizard (D:3)
  Robin (D:3)
  5 adders
  A dart slug (D:4)
  10 orcs (D:4)
  5 ball pythons
  6 endoplasms
  2 giant cockroaches
  10 goblins
  10 hobgoblins
  A quokka (D:4)
  4 bats
  2 frilled lizards
  9 kobolds
  3 rats
76 creatures vanquished.

Grand Total: 93 creatures vanquished

Notes
Turn   | Place    | Note
-------+----------+-------------------------------------------
     0 | D:1      | Nato the Human Summoner began the quest for the Orb.
     0 | D:1      | Reached XP level 1. HP: 13/13 MP: 3/3
  1704 | D:1      | Reached XP level 2. HP: 10/19 MP: 0/5
  4959 | D:2      | Found a faded altar of an unknown god.
  4994 | D:2      | Reached XP level 3. HP: 24/24 MP: 1/6
  6734 | D:1      | Learned a level 2 spell: Call Imp
  7819 | D:1      | Learned a level 3 spell: Call Canine Familiar
  8088 | D:2      | Reached XP level 4. HP: 30/30 MP: 3/7
  9118 | D:2      | Found a glowing golden altar of the Shining One.
 10860 | D:3      | Found Feibraom's Jewellery Shop.
 11704 | D:3      | Found a radiant altar of Vehumet.
 11775 | D:3      | Noticed Sigmund
 12384 | D:3      | Killed Sigmund
 12385 | D:3      | Reached XP level 5. HP: 35/35 MP: 1/9
 12385 | D:3      | Reached XP level 6. HP: 41/41 MP: 1/10
 12728 | D:3      | Found an opulent altar of Gozag.
 12840 | D:3      | Noticed Robin
 12862 | D:3      | Reached skill level 5 in Summonings
 12868 | D:3      | Killed Robin
 15968 | D:4      | Reached XP level 7. HP: 46/46 MP: 6/12
 19632 | D:4      | Killed from afar by an orc wizard

Illustrated notes

Levels and vault maps discovered:
D:1:      kilobyte_arrival_exit_the_forest, layout_basic
D:2:      layout_basic, hellmonk_ecumenical_altar_crossroads, basic_altar,
          glass_columns_a, minmay_misc_feat_rugged, grunt_ministairs_12
D:3:      layout_rooms, mainiacjoe_overflow_six_doors_small,
          mainiacjoe_overflow_alcove_4, serial_shops, shop, uniq_robin,
          uniq_sigmund
D:4:      layout_gridville, grunt_ministairs_12, st_stairs_2, chequers_garden

Skill      XL: |  1  2  3  4  5  6  7 |
---------------+----------------------+-----
Dodging        | 3 4 |  4.2
Stealth        | 3 4 |  4.5
Spellcasting   | 3 |  3.9
Summonings     | 5 |  5.5

Action                   |  1- 3 |  4- 6 |  7- 9 || total
-------------------------+-------+-------+-------++-------
Melee: Unarmed           |    18 |       |       ||    18
       Whip              |    29 |    56 |    14 ||    99
       Punch             |     1 |       |       ||     1
       Dagger            |       |       |     1 ||     1
 Cast: Summon Small Mamm |    69 |    23 |     9 ||   101
       Call Imp          |     8 |    22 |    12 ||    42
       Call Canine Famil |     1 |    14 |    11 ||    26
Evoke: Wand              |       |       |     1 ||     1
 Stab: Distracted        |     1 |     2 |       ||     3
Armor: Robe              |     9 |     9 |       ||    18
       Animal skin       |       |    18 |     7 ||    25
Dodge: Dodged            |    64 |    82 |    22 ||   168

Table legend: (Time is in decaauts)
 A = Elapsed time spent in this place.
 B = Non-inter-level travel time spent in this place.
 C = Inter-level travel time spent in this place.
 D = Time resting spent in this place.
 E = Time spent auto-exploring this place.
 F = Levels seen in this place.
 G = Mean time per level.
                   A        B        C        D        E       F      G
               +--------+--------+--------+--------+--------+-----+--------+
         Total |  19659 |  19233 |    426 |  16179 |   2053 |   4 | 4914.8 |
       Dungeon |  19659 |  19233 |    426 |  16179 |   2053 |   4 | 4914.8 |
               +--------+--------+--------+--------+--------+-----+--------+

Top non-repeatable levels by time:
     D:1: 6411 daAuts
     D:2: 5833 daAuts
     D:4: 4700 daAuts
     D:3: 2714 daAuts
